 Dungeon Crawl Stone Soup version 0.30-a0-385-gfebfb9b408 (webtiles) character file.

Game seed: 4048275866151744603

861 qeuew the Conjurer (level 7, -13/29 (36) HPs)
             Began as a Deep Elf Conjurer on Dec 2, 2022.
             Was an Initiate of Dithmenos.
             Mangled by Duvessa
             ... wielding a +1 short sword of draining
              (14 damage)
             ... on level 5 of the Dungeon.
             The game lasted 00:09:53 (5056 turns).

qeuew the Conjurer (Deep Elf Conjurer)              Turns: 5056, Time: 00:09:55

HP:   -13/29 (36)   AC:  9    Str:  6    XL:     7   Next: 71%
MP:   14/17         EV: 11    Int: 29    God:    Dithmenos [......]
Gold: 239           SH:  0    Dex: 16    Spells: 0/16 levels left

rFire   . . .      SeeInvis .    h - +6 hand axe "Pannafiw" {drain, Will+ Int+6 Dex+3}
rCold   . . .      Faith    .    (no shield)
rNeg    . . .      Spirit   .    m - +4 ring mail
rPois   .          Reflect  .    (no helmet)
rElec   .          Harm     .    (no cloak)
rCorr   .          Rampage  .    (no gloves)
Will    +....                    (no boots)
Stlth   ++........               j - amulet of regeneration
HPRegen 1.04/turn                (no ring)
MPRegen 0.15/turn                (no ring)

@: very slightly contaminated, heavily drained
A: no striking features
a: Renounce Religion


You were on level 5 of the Dungeon.
You worshipped Dithmenos.
Dithmenos was noncommittal.
You visited 1 branch of the dungeon, and saw 5 of its levels.

You collected 239 gold pieces.

Inventory:

Hand Weapons
 h - the +6 hand axe "Pannafiw" (weapon) {drain, Will+ Int+6 Dex+3}
   (You found it on level 2 of the Dungeon)

   A truly terrible weapon, it drains the life of any living foe it strikes.
   Int:       It affects your intelligence (+6).
   Dex:       It affects your dexterity (+3).
   Will:      It increases your willpower.
Armour
 m - a +4 ring mail (worn)
Jewellery
 j - an amulet of regeneration (around neck)
Scrolls
 a - a scroll of identify
 g - 2 scrolls of teleportation
 i - a scroll of enchant weapon
Potions
 c - 2 potions of heal wounds
 d - a potion of invisibility
 e - 2 potions of ambrosia
 f - 3 potions of flight
 k - a potion of might {unknown}
 l - a potion of berserk rage
 n - a potion of cancellation
 o - a potion of degeneration {unknown}


   Skills:
 - Level 0.7 Axes
 * Level 3.8 Armour
 + Level 4.7 Dodging
 + Level 3.6 Stealth
 + Level 5.3 Spellcasting
 + Level 5.8 Conjurations
 + Level 1.0 Translocations
 + Level 1.7 Fire Magic
 + Level 1.9 Invocations


You couldn't memorise any spells.
You knew the following spells:

 Your Spells              Type           Power      Damage    Failure   Level
a - Magic Dart            Conj           100%       1d8       1%          1
b - Searing Ray           Conj           82%        2d7       3%          2
c - Flame Wave            Conj/Fire      29%        2d9       41%         4
d - Scorch                Fire           34%        2d6       16%         2
e - Gell's Gravitas       Tloc           13%        N/A       38%         3
f - Iskenderun's Mystic   Conj/Tloc      27%        2d7       45%         4

Your spell library contained the following spells:

 Spells                   Type           Power      Damage    Failure   Level
 Dazzling Flash           Conj/Hex       48%        N/A       19%         3
 Lesser Beckoning         Tloc           26%        N/A       38%         3
 Teleport Other           Tloc           13%        N/A       38%         3
 Fulminant Prism          Conj/Hex       12%        3d8       54%         4
 Olgreb's Toxic Radiance  Pois           7%         N/A       91%         4
 Summon Cactus Giant      Summ           3%         N/A       100%        6
 Ozocubu's Refrigeration  Ice            3%         4d8       100%        7
 Ignition                 Fire           8%         3d5       100%        8


Dungeon Overview and Level Annotations

Branches:
Dungeon (5/15)
 Temple: D:4-7

Altars:
Dithmenos
Fedhas
Gozag
Hepliaklqana
Yredelemnul

Annotations:
D:5 Duvessa


Message History

Casting: Gell's Gravitas (quite dangerous; 38% risk of failure)
Confirm with . or Enter, or press ? or * to list all spells.
You don't know that spell.
Casting: Gell's Gravitas (quite dangerous; 38% risk of failure)
Confirm with . or Enter, or press ? or * to list all spells.
The spell is quite dangerous to miscast (38% risk of failure)!
Continue anyway?
Aiming: Gell's Gravitas (quite dangerous; 38% risk of failure)
Press: ? - help, Dir - move target Gravity reorients around empty space.
Duvessa hits you with a +1 short sword of draining!
You feel drained.
Unknown command.
Casting: Gell's Gravitas (extremely dangerous; 38% risk of failure)
Confirm with . or Enter, or press ? or * to list all spells.
You don't have enough magic to cast this spell.
Magic courses through your body. Duvessa closely misses you. x2
Okay, then.
Casting: Gell's Gravitas (extremely dangerous; 38% risk of failure)
Confirm with . or Enter, or press ? or * to list all spells.
Aiming: Searing Ray (safe; 3% risk of failure)
Press: ? - help, Shift-Dir - straight line, f - Duvessa
Aim: Duvessa, wielding a +1 short sword of draining and wearing a +0 ring mail (severely wounded, berserk, 87% to hit)
You miscast Searing Ray.
Nothing appears to happen.
Duvessa hits you with a +1 short sword of draining.
You feel drained.
* * * LOW HITPOINT WARNING * * *
Casting: Searing Ray (safe; 3% risk of failure)
Confirm with . or Enter, or press ? or * to list all spells.
Aiming: Searing Ray (safe; 3% risk of failure)
Press: ? - help, Shift-Dir - straight line, f/p - Duvessa
Aim: Duvessa, wielding a +1 short sword of draining and wearing a +0 ring mail (severely wounded, berserk, 87% to hit)
The searing ray hits Duvessa!
Duvessa is almost dead. (Press . to maintain the ray.) Duvessa hits you with a +1 short sword of draining!
* * * LOW HITPOINT WARNING * * *
You feel drained.
* * * LOW HITPOINT WARNING * * *
Duvessa hits you with a +1 short sword of draining!
You die...

############.##.
#..[...@e.).....
#.##########.##.
#.# #.# #.##
#..# ##.# #.#
#.#


You could see Duvessa (berserk).

Vanquished Creatures
  Prince Ribbit (D:5)
  Eustachio (D:5)
  A sky beast (D:4)
  Dowan (D:5)
  3 hounds
  2 orc priests
  2 orc wizards
  6 adders
  4 gnolls (D:3)
  2 ufetubi (D:5)
  A worm (D:2)
  A dart slug (D:1)
  12 orcs
  2 endoplasms
  2 giant cockroaches (D:1)
  8 goblins
  7 hobgoblins
  5 quokkas
  6 ball pythons
  3 bats
  6 frilled lizards
  8 kobolds
  4 rats
  A spectral orc (D:3)
89 creatures vanquished.

Notes
Turn   | Place    | Note
-------+----------+-------------------------------------------
     0 | D:1      | qeuew the Deep Elf Conjurer began the quest for the Orb.
     0 | D:1      | Reached XP level 1. HP: 10/10 MP: 6/6
   309 | D:1      | You fall into a shaft and drop 1 floor!
   457 | D:2      | Reached XP level 2. HP: 15/15 MP: 2/8
   472 | D:2      | Reached skill level 1 in Armour
   906 | D:1      | Reached XP level 3. HP: 19/19 MP: 5/9
  1585 | D:2      | Learned a level 2 spell: Searing Ray
  1927 | D:2      | Identified the +6 hand axe "Pannafiw" {drain, Will+ Int+6
                  | Dex+3}
  2124 | D:2      | Found a faded altar of an unknown god.
  2390 | D:3      | Found a basalt altar of Yredelemnul.
  2456 | D:3      | Reached XP level 4. HP: 24/24 MP: 6/11
  2788 | D:3      | Found a faded altar of an unknown god.
  2788 | D:3      | Found a faded altar of an unknown god.
  2790 | D:3      | Found a hazy altar of Hepliaklqana.
  3340 | D:3      | Reached XP level 5. HP: 28/28 MP: 11/13
  3411 | D:4      | Reached skill level 5 in Conjurations
  3673 | D:4      | Reached XP level 6. HP: 32/32 MP: 10/14
  3706 | D:4      | Noticed a sky beast
  3712 | D:4      | Killed a sky beast
  3836 | D:4      | Found a shadowy altar of Dithmenos.
  3877 | D:4      | Became a worshipper of Dithmenos the Shadowed
  4396 | D:4      | Identified a scroll of acquirement
  4396 | D:4      | Acquired a book of Scorching
  4403 | D:4      | Learned a level 4 spell: Flame Wave
  4406 | D:4      | Learned a level 2 spell: Scorch
  4443 | D:5      | Entered Level 5 of the Dungeon
  4528 | D:5      | Found a blossoming altar of Fedhas.
  4615 | D:5      | Found an opulent altar of Gozag.
  4632 | D:5      | Noticed Prince Ribbit
  4652 | D:5      | Killed Prince Ribbit
  4653 | D:5      | Reached skill level 5 in Spellcasting
  4653 | D:5      | Reached skill level 1 in Fire Magic
  4653 | D:5      | Reached skill level 1 in Invocations
  4653 | D:5      | Reached XP level 7. HP: 8/36 MP: 0/16
  4780 | D:5      | Learned a level 3 spell: Gell's Gravitas
  4785 | D:5      | Learned a level 4 spell: Iskenderun's Mystic Blast
  4966 | D:5      | Noticed Eustachio
  4975 | D:5      | Killed Eustachio
  5039 | D:5      | Noticed Duvessa
  5041 | D:5      | Noticed Dowan
  5050 | D:5      | Killed Dowan
  5051 | D:5      | Reached skill level 1 in Translocations
  5056 | D:5      | HP: 1/29 [Duvessa/+1 short sword of draining (1)]
  5056 | D:5      | Mangled by Duvessa

Illustrated notes

Levels and vault maps discovered:
D:1:      elethiomel_arrival_infinity_welcomes_careful_drivers, layout_basic
D:2:      layout_loops_ring, hellmonk_ecumenical_altar_prayer_group,
          kennysheep_generic_room_11
D:3:      layout_loops_corners, yredelemnul_forgotten_temple_becter,
          nicolae_hepliaklqana_ecumenical_no_more
D:4:      layout_loops_ring, lemuel_tele_altar
D:5:      layout_loops_ring, fedhas_altar_3,
          mainiacjoe_overflow_six_doors_small, lemuel_coloured_pillars_altar,
          minmay_misc_feat_chi, uniq_duvessa, uniq_eustachio,
          uniq_prince_ribbit1

Skill      XL: |  1  2  3  4  5  6  7 |
---------------+----------------------+-----
Armour         | 1 2 3 |  3.8
Dodging        | 3 4 |  4.7
Spellcasting   | 4 5 |  5.3
Conjurations   | 5 |  5.8
Stealth        | 3 |  3.6
Fire Magic     | 1 |  1.7
Invocations    | 1 |  1.9
Translocations | 1 |  1.0
Axes           | |  0.7

Action                   |  1- 3 |  4- 6 |  7- 9 || total
-------------------------+-------+-------+-------++-------
Melee: Unarmed           |     1 |       |       ||     1
       Hand axe          |       |    16 |     1 ||    17
 Cast: Magic Dart        |    74 |    89 |    17 ||   180
       Searing Ray       |       |     5 |     5 ||    10
       Gell's Gravitas   |       |       |     1 ||     1
  Use: Scroll            |     9 |     4 |       ||    13
       Potion            |     4 |     3 |     1 ||     8
Armor: Robe              |     2 |     4 |       ||     6
       Ring mail         |       |       |     2 ||     2
Dodge: Dodged            |       |    32 |     5 ||    37

Table legend: (Time is in decaauts)
 A = Elapsed time spent in this place.
 B = Non-inter-level travel time spent in this place.
 C = Inter-level travel time spent in this place.
 D = Time resting spent in this place.
 E = Time spent auto-exploring this place.
 F = Levels seen in this place.
 G = Mean time per level.
                   A        B        C        D        E       F      G
               +--------+--------+--------+--------+--------+-----+--------+
         Total |   5065 |   4933 |    132 |    138 |   4298 |   5 | 1013.0 |
       Dungeon |   5065 |   4933 |    132 |    138 |   4298 |   5 | 1013.0 |
               +--------+--------+--------+--------+--------+-----+--------+

Top non-repeatable levels by time:
     D:1: 1274 daAuts
     D:3: 1143 daAuts
     D:4: 1042 daAuts
     D:2: 992 daAuts
     D:5: 613 daAuts
